 Dungeon Crawl Stone Soup version 0.23.2-1-ga50397a6bc (webtiles) character file.

Game seed: 4461930856372609674

112 Mrkan the Caller (level 4, -18/32 HPs)
             Began as a Gnoll Summoner on May 17, 2019.
             Killed from afar by a guardian golem (40 damage)
             ... with an exploding inner flame
             ... summoned by the player character
             ... hexed by INVALID YOU_FAULTLESS
             ... on level 4 of the Dungeon.
             The game lasted 00:11:06 (2713 turns).

Mrkan the Caller (Gnoll Summoner)                   Turns: 2713, Time: 00:11:10

Health: -18/32     AC:  2    Str: 10    XL:     4   Next: 95%
Magic:  9/11       EV: 15    Int: 19    God:
Gold:   218        SH:  0    Dex: 15    Spells: 7/13 levels left

rFire    . . .     SeeInvis .     - Unarmed
rCold    . . .     Gourm    .   (no shield)
rNeg     . . .     Faith    .   a - +0 robe
rPois    .         Spirit   .   (no helmet)
rElec    .         Reflect  .   (no cloak)
rCorr    .         Harm     .   (no gloves)
MR       .....                  (no boots)
Stlth    +++.......             (no amulet)
HPRegen  0.10/turn              (no ring)
MPRegen  0.12/turn              (no ring)

@: no status effects
A: distributed training, fangs 1, strong nose
a: no special abilities


You were on level 4 of the Dungeon.
You were hungry.

You visited 1 branch of the dungeon, and saw 4 of its levels.

You collected 218 gold pieces.

Inventory:

Hand Weapons
 f - a cursed -3 short sword
Armour
 a - a +0 robe (worn)
 j - a +1 cloak
Jewellery
 k - a +3 ring of dexterity {unknown}
 p - an uncursed amulet of regeneration {unknown}
 r - an uncursed ring of fire {unknown}
Scrolls
 b - a scroll of teleportation {unknown}
 d - 3 scrolls of remove curse {unknown}
 e - a scroll of immolation {unknown}
 g - 8 scrolls of identify {unknown}
 i - 2 scrolls of amnesia {unknown}
 n - a scroll of enchant armour {unknown}
 t - a scroll of magic mapping {unknown}
 u - a scroll of blinking {unknown}
 v - a scroll of noise {unknown}
Potions
 h - 5 potions of curing
 l - a potion of mutation {unknown}
 m - a potion of cancellation {unknown}
 o - a potion of heal wounds {unknown}
 q - a potion of invisibility {unknown}
 s - a potion of resistance {unknown}
Comestibles
 c - 6 rations


   Skills:
 + Level 1.2 Fighting
 + Level 1.2 Short Blades
 + Level 1.2 Long Blades
 + Level 1.2 Axes
 + Level 1.2 Maces & Flails
 + Level 1.2 Polearms
 + Level 1.2 Staves
 + Level 1.2 Slings
 + Level 1.2 Bows
 + Level 1.2 Crossbows
 + Level 1.2 Throwing
 + Level 1.2 Armour
 + Level 4.7 Dodging
 + Level 4.3 Stealth
 + Level 1.2 Shields
 + Level 1.2 Unarmed Combat
 + Level 5.1 Spellcasting
 + Level 1.0 Conjurations
 + Level 1.0 Hexes
 + Level 1.0 Charms
 + Level 7.1 Summonings
 + Level 1.0 Necromancy
 + Level 1.0 Translocations
 + Level 1.0 Transmutations
 + Level 1.0 Fire Magic
 + Level 1.0 Ice Magic
 + Level 1.0 Air Magic
 + Level 1.0 Earth Magic
 + Level 1.0 Poison Magic
 + Level 1.4 Invocations
 + Level 1.2 Evocations


You had 7 spell levels left.
You knew the following spells:

 Your Spells              Type           Power        Failure   Level  Hunger
a - Summon Small Mammal   Summ           ####         1%          1    None
b - Call Imp              Summ           ####....     1%          2    #......
c - Summon Guardian Gole  Hex/Summ       ###.....     7%          3    ##.....

Your spell library contained the following spells:

 Spells                   Type           Power        Failure   Level  Hunger
 Call Canine Familiar     Summ           ####....     1%          3    ##.....
 Summon Ice Beast         Ice/Summ       ###.....     22%         4    ####...
 Summon Lightning Spire   Summ/Air       ###.....     22%         4    ####...


Dungeon Overview and Level Annotations

Branches:
Dungeon (4/15)
 Temple: D:4-7

Altars:
Trog
Zin


Innate Abilities, Weirdness & Mutations

Your experience applies equally to all skills.
You have very sharp teeth.
Your uncanny sense of smell can sniff out nearby items.


Message History

Your crimson imp hits the bullfrog skeleton.
The bullfrog skeleton is destroyed!
Your crimson imp barely misses the worm.
The worm bites your guardian golem.
Your crimson imp hits the worm.
Your crimson imp blinks!
The worm bites your guardian golem. The worm bites your guardian golem.
Your guardian golem overheats!
The worm bites your guardian golem but does no damage.
The worm bites your guardian golem but does no damage.
The worm barely misses your guardian golem.
Your crimson imp blinks!
The worm bites your guardian golem. The worm bites your guardian golem!
Your guardian golem explodes!
The fiery explosion engulfs the worm!!!
The worm dies!
The fiery explosion engulfs you!!!
Ouch! That really hurt!
You die...

.. ...#..........
... #..#.... .....
.... ...... ......
....###.... ......
..........# #......
..........# .......
.........§##.......
........5§§@...(...
.........§§§.......
.......#.##....####
.....######..###
....# #)..# ....
...... #.. .......
#. ........ .[...##


You could see a friendly crimson imp.

Vanquished Creatures
  An adder (D:2)
  A dart slug (D:3)
  An orc (D:3)
  3 goblins
  2 hobgoblins
  A kobold (D:2)
  A quokka (D:3)
  5 bats
  A frilled lizard (D:2)
  6 rats
22 creatures vanquished.

Vanquished Creatures (collateral kills)
  A bullfrog skeleton (D:4)
  An orc wizard (D:3)
  2 adders (D:2)
  A worm (D:4)
  2 dart slugs
  6 orcs (D:3)
  A giant cockroach (D:1)
  12 goblins
  2 hobgoblins
  4 jackals (D:2)
  5 kobolds
  4 bats
  2 frilled lizards (D:2)
  8 rats
51 creatures vanquished.

Grand Total: 73 creatures vanquished

Notes
Turn   | Place    | Note
-------+----------+-------------------------------------------
     0 | D:1      | Mrkan the Gnoll Summoner began the quest for the Orb.
     0 | D:1      | Reached XP level 1. HP: 13/13 MP: 6/6
   249 | D:1      | Reached XP level 2. HP: 16/19 MP: 4/7
  1180 | D:2      | Reached XP level 3. HP: 25/25 MP: 9/9
  1268 | D:2      | Reached skill level 5 in Spellcasting
  1312 | D:2      | Found a glowing silver altar of Zin.
  1697 | D:2      | Reached skill level 1 in Invocations
  1869 | D:2      | Reached skill level 1 in Fighting
  1869 | D:2      | Reached skill level 1 in Short Blades
  1869 | D:2      | Reached skill level 1 in Long Blades
  1869 | D:2      | Reached skill level 1 in Axes
  1869 | D:2      | Reached skill level 1 in Maces & Flails
  1869 | D:2      | Reached skill level 1 in Polearms
  1869 | D:2      | Reached skill level 1 in Staves
  1869 | D:2      | Reached skill level 1 in Slings
  1869 | D:2      | Reached skill level 1 in Bows
  1869 | D:2      | Reached skill level 1 in Crossbows
  1869 | D:2      | Reached skill level 1 in Throwing
  1869 | D:2      | Reached skill level 1 in Armour
  1869 | D:2      | Reached skill level 1 in Shields
  1869 | D:2      | Reached skill level 1 in Unarmed Combat
  1869 | D:2      | Reached skill level 1 in Evocations
  1912 | D:2      | Reached XP level 4. HP: 27/32 MP: 4/11
  2447 | D:3      | Reached skill level 1 in Conjurations
  2447 | D:3      | Reached skill level 1 in Hexes
  2447 | D:3      | Reached skill level 1 in Charms
  2447 | D:3      | Reached skill level 1 in Necromancy
  2447 | D:3      | Reached skill level 1 in Translocations
  2447 | D:3      | Reached skill level 1 in Transmutations
  2447 | D:3      | Reached skill level 1 in Fire Magic
  2447 | D:3      | Reached skill level 1 in Ice Magic
  2447 | D:3      | Reached skill level 1 in Air Magic
  2447 | D:3      | Reached skill level 1 in Earth Magic
  2447 | D:3      | Reached skill level 1 in Poison Magic
  2451 | D:3      | Found a bloodstained altar of Trog.
  2574 | D:3      | Learned a level 2 spell: Call Imp
  2582 | D:3      | Learned a level 3 spell: Summon Guardian Golem
  2713 | D:4      | Killed from afar by a guardian golem

Skill      XL: |  1  2  3  4 |
---------------+-------------+-----
Spellcasting   | 5 |  5.1
Invocations    | 1 |  1.4
Fighting       | 1 |  1.2
Short Blades   | 1 |  1.2
Long Blades    | 1 |  1.2
Axes           | 1 |  1.2
Maces & Flails | 1 |  1.2
Polearms       | 1 |  1.2
Staves         | 1 |  1.2
Slings         | 1 |  1.2
Bows           | 1 |  1.2
Crossbows      | 1 |  1.2
Throwing       | 1 |  1.2
Armour         | 1 |  1.2
Shields        | 1 |  1.2
Unarmed Combat | 1 |  1.2
Evocations     | 1 |  1.2
Conjurations   | 1 |  1.0
Hexes          | 1 |  1.0
Charms         | 1 |  1.0
Necromancy     | 1 |  1.0
Translocations | 1 |  1.0
Transmutations | 1 |  1.0
Fire Magic     | 1 |  1.0
Ice Magic      | 1 |  1.0
Air Magic      | 1 |  1.0
Earth Magic    | 1 |  1.0
Poison Magic   | 1 |  1.0
Dodging        | |  4.7
Stealth        | |  4.3
Summonings     | |  7.1

Action                   |  1- 3 |  4- 6 || total
-------------------------+-------+-------++-------
Melee: Unarmed           |    79 |    34 ||   113
       Bite              |    11 |     3 ||    14
 Cast: Summon Small Mamm |    55 |    17 ||    72
       Call Imp          |       |     5 ||     5
       Summon Guardian G |       |     2 ||     2
  Use: Potion            |     1 |       ||     1
 Stab: Sleeping          |     5 |     2 ||     7
       Distracted        |     1 |       ||     1
  Eat: Chunk             |     3 |     2 ||     5
Armor: Robe              |    17 |    14 ||    31
Dodge: Dodged            |    83 |    37 ||   120
